 Dungeon Crawl Stone Soup version 0.30.1-11-g7821555f0a (webtiles) character file.

Game seed: 12558258316997768348

9 Roguefish the Slasher (level 2, 0/25 HPs)
             Began as a Minotaur Gladiator on Nov 4, 2023.
             Slain by a cerulean imp
             ... wielding a +1 spear
             ... summoned by Natasha
              (1 damage)
             ... on level 2 of the Dungeon.
             The game lasted 00:03:56 (616 turns).

Roguefish the Slasher (Minotaur Gladiator)           Turns: 616, Time: 00:03:57

Health: 0/25       AC:  3    Str: 18    XL:     2   Next: 6%
Magic:  1/1        EV: 12    Int:  5    God:
Gold:   23         SH:  0    Dex: 11    Spells: 1/1 levels left

rFire   . . .        a - +0 long sword
rCold   . . .        (no shield)
rNeg    . . .        b - +0 leather armour
rPois   .            (helmet restricted)
rElec   .            (no cloak)
rCorr   .            (no gloves)
SInv    .            (no boots)
Will    .....        (no amulet)
Stlth   +            (no ring)
HPRegen 0.24/turn    (no ring)
MPRegen 0.07/turn

%: no passive effects
@: no status effects
A: horns 2, retaliatory headbutt
a: no special abilities


You were on level 2 of the Dungeon.
You visited 1 branch of the dungeon, and saw 2 of its levels.

You collected 23 gold pieces.

Inventory:

Hand Weapons
 a - a +0 long sword (weapon)
Missiles
 d - 3 throwing nets (quivered)
 e - a javelin
Armour
 b - a +0 leather armour (worn)
 c - a +0 hat
Scrolls
 f - a scroll of magic mapping {unknown}
 h - a scroll of teleportation {unknown}
 j - 3 scrolls of identify {unknown}
Potions
 g - 2 potions of ambrosia {unknown}
 i - 3 potions of attraction {unknown}


   Skills:
 + Level 2.5 Fighting
 + Level 3.9 Long Blades
 + Level 2.1 Throwing
 + Level 3.5 Dodging


You had one spell level left.
You didn't know any spells.
Your spell library was empty.

Dungeon Overview and Level Annotations

Branches:
Dungeon (2/15)

Altars:

Annotations:
D:2 Natasha


Innate Abilities, Weirdness & Mutations

You have a pair of horns on your head.
You reflexively headbutt those who attack you in melee.


Message History

Natasha claws you but does no damage.
You hit Natasha but do no damage.
Natasha mumbles some strange words.
Natasha glows brightly for a moment.
Natasha claws you.
You hit Natasha. Your headbutt misses Natasha.
Natasha is moderately wounded.
Natasha barely misses you. Natasha misses you.
You slash Natasha!
Natasha is severely wounded.
Natasha casts a spell.
You closely miss Natasha.
Natasha is severely wounded.
Natasha claws you.
You hit Natasha but do no damage.
Natasha is severely wounded.
The cerulean imp misses you. Natasha casts a spell at you.
You resist with significant effort.
You closely miss Natasha.
Natasha is severely wounded.
The cerulean imp barely misses you.
Natasha casts a spell.
You hit Natasha.
Natasha is almost dead.
The cerulean imp hits you from afar with a +0 spear.
Natasha barely misses you.
Natasha mumbles some strange words.
The cerulean imp hits you from afar with a +0 spear.
You hit the cerulean imp but do no damage.
The cerulean imp hits you from afar with a +0 spear.
* * * LOW HITPOINT WARNING * * *
Natasha misses you. The cerulean imp barely misses you.
You furiously retaliate!
You headbutt the cerulean imp! You barely miss the cerulean imp.
The cerulean imp is almost dead.
The cerulean imp closely misses you. Natasha claws you.
* * * LOW HITPOINT WARNING * * *
The cerulean imp hits you with a +1 spear.
You die...

######### ..†...#.. #
#####.#.# .# #.#.# #.###
#.#.# #.#.. #####.#.###
#.##5 #.........###.##h#
## #
......#......###@###.#.#
#.##..##...##.##5##.##.#
#..#...<.......##<..#.#
###############.#....#
P...P ##.##.## .b.b...#
####.#


P.P.bP..P #.# ######.### #.# ......#P#... ..# You could see Natasha and 2
cerulean imps.

Vanquished Creatures
  A dart slug (D:1)
  2 ball pythons
  2 endoplasms
  A goblin (D:1)
  2 rats (D:1)
8 creatures vanquished.

Notes
Turn   | Place    | Note
-------+----------+-------------------------------------------
     0 | D:1      | Roguefish the Minotaur Gladiator began the quest for the
                  | Orb.
     0 | D:1      | Reached XP level 1. HP: 18/18 MP: 0/0
   562 | D:2      | Reached XP level 2. HP: 21/25 MP: 1/1
   604 | D:2      | Noticed Natasha
   616 | D:2      | HP: 1/25 [Natasha (5)]
   616 | D:2      | Slain by a cerulean imp

Illustrated notes

Levels and vault maps discovered:
D:1:      denvon_arrival_waterhouse, layout_basic
D:2:      layout_loops_ring, serial_aquarium, aquarium_bridge_long_joined
          [aquarium_subvault_wall, aquarium_subvault_bridge,
          aquarium_subvault_balcony, aquarium_subvault_window,
          aquarium_subvault_balcony, aquarium_subvault_bridge],
          aquarium_window_fake, aquarium_window_1, aquarium_window_1,
          aquarium_window_corridor_1, aquarium_view_2e, aquarium_balcony_1b,
          shapermc_ecumenical_altar_hornbeckon, uniq_terence, uniq_natasha

Action                     || total
---------------------------++-------
  Melee: Long sword        ||    24
         Headbutt          ||     1
 Armour: Leather armour    ||     6
  Dodge: Dodged            ||    14
